 Seeded DCSS version 0.32-a0-928-g1cae6b7ea0 (webtiles) character file.

Game seed: 202404125 (custom seed)

742 Orlauf the Slasher (level 7, -1/56 HPs)
             Began as a Demonspawn Gladiator on Apr 12, 2024.
             Splashed by a jelly's acid (5 damage)
             ... on level 5 of the Dungeon.
             The game lasted 00:06:50 (4258 turns).

Orlauf the Slasher (Demonspawn Gladiator)           Turns: 4258, Time: 00:06:51

Health: -1/56      AC: 11    Str: 16    XL:     7   Next: 47%
Magic:  7/7        EV:  9    Int:  9    God:
Gold:   95         SH:  0    Dex: 14    Spells: 6/6 levels left

rFire   + . .        a - +0 long sword
rCold   . . .        (no shield)
rNeg    . . .        s - +0 scale mail
rPois   .            c - +1 helmet
rElec   .            n - +0 cloak
rCorr   .            (no gloves)
SInv    .            (no boots)
Will    +....        (no amulet) Stlth
                     j - ring of willpower
HPRegen 0.29/turn    r - ring of protection from fire
MPRegen 0.20/turn

%: no passive effects
@: no status effects
A: yellow scales 1, magic regeneration
a: no special abilities


You were on level 5 of the Dungeon.
You visited 1 branch of the dungeon, and saw 5 of its levels.

You collected 170 gold pieces.
You spent 75 gold pieces at shops.

Inventory:

Hand Weapons
 a - a +0 long sword (weapon)
 b - the +7 dagger of Lust {freeze, MP-9 Str+2 Dex+3}
   (You took it off a goblin on level 2 of the Dungeon)

   Str+2:     It affects your strength (+2).
   Dex+3:     It affects your dexterity (+3).
   MP-9:      It affects your magic capacity (-9).
 q - a +2 dagger of venom
Missiles
 d - a throwing net
 e - 5 javelins (quivered)
Armour
 c - a +1 helmet (worn)
 n - a +0 cloak (worn)
 s - a +0 scale mail (worn)
Jewellery
 g - a ring of ice
 j - a ring of willpower (left hand)
 m - a +6 ring of intelligence
 r - a ring of protection from fire (right hand)
Wands
 t - a wand of light (6)
Scrolls
 f - a scroll of enchant armour
 o - 6 scrolls of teleportation
 p - 3 scrolls of vulnerability
 v - a scroll of poison {unknown}
Potions
 h - 4 potions of curing
 i - a potion of lignification {unknown}
 l - a potion of mutation
 u - a potion of might {unknown}


   Skills:
 + Level 5.1 Fighting
 * Level 6.8 Long Blades
 - Level 1.7 Throwing
 - Level 2.6 Dodging


You had 6 spell levels left.
You didn't know any spells.
Your spell library contained the following spells:

 Spells                   Type           Power      Damage    Failure   Level
 Lesser Beckoning         Tloc           0%         N/A       93%         2
 Maxwell's Portable Pile  Tloc           0%         2d(5-13)  99%         3
 Teleport Other           Tloc           0%         N/A       99%         3
 Volatile Blastmotes      Fire/Tloc      0%         2d10      99%         3
 Fulminant Prism          Conj/Alch      0%         3d5       100%        4
 Iskenderun's Mystic Bla Conj/Tloc 0%             2d3        (+2d1     100%        4


Dungeon Overview and Level Annotations

Branches:
Dungeon (5/15)
 Temple: D:4-7

Altars:

Shops:
D:1 :   D:2 *   D:4 :


Innate Abilities, Weirdness & Mutations

You are partially covered in yellow scales. (AC +2)
You regenerate magic rapidly.


Message History

The gnoll hits you from afar with a +0 spear.
The gnoll hits you but does no damage. The gnoll hits you with a +0 spear.
You barely miss the gnoll. The gnoll barely misses you.
The gnoll hits you with a +0 spear.
The gnoll hits you from afar with a +0 spear.
You barely miss the gnoll.
The gnoll hits you from afar with a +0 spear.
You hit the gnoll.
The gnoll is moderately wounded.
The gnoll hits you with a +0 spear. The jelly hits you.
* * * LOW HITPOINT WARNING * * *
You are splashed with acid.
* * * LOW HITPOINT WARNING * * *
The gnoll hits you but does no damage.
You feel much better. The gnoll barely misses you.
The jelly hits you but does no damage. The gnoll closely misses you.
The gnoll hits you with a +0 spear.
You hit the gnoll.
The gnoll is severely wounded.
The gnoll hits you with a +0 spear. The jelly hits you.
You are splashed with acid!
* * * LOW HITPOINT WARNING * * *
The gnoll hits you from afar with a +0 spear.
* * * LOW HITPOINT WARNING * * *
You closely miss the gnoll.
The gnoll is severely wounded.
The gnoll closely misses you. The jelly hits you but does no damage.
The gnoll closely misses you.
You hit the gnoll.
The gnoll is almost dead.
The gnoll hits you but does no damage. The jelly hits you but does no damage.
The gnoll hits you from afar with a +0 spear.
* * * LOW HITPOINT WARNING * * *
You hit the gnoll but do no damage.
The gnoll is almost dead.
The gnoll hits you but does no damage. The jelly barely misses you.
The gnoll hits you from afar with a +0 spear.
* * * LOW HITPOINT WARNING * * *
You slash the jelly!
Your hands burn!
You die...

#. #...........#...#
#.# ##..#.......#...#
#..##...#...........#
#...#.............###
#..............###
#............##
#...##g#......## .
#gJ##....##
#.@.#..### #...####
#...# #####


You could see a jelly and 2 gnolls.

Vanquished Creatures
  An ice beast (D:5)
  A phantom (D:5)
  A bombardier beetle (D:4)
  3 hounds
  A jelly (D:5)
  Crazy Yiuf (D:2)
  An orc priest (D:4)
  Terence (D:2)
  Natasha (thrice) (D:2)
  An iguana (D:4)
  2 orc wizards (D:4)
  2 gnolls (D:5)
  7 adders
  A dart slug (D:1)
  2 ribbon worms (D:2)
  5 orcs
  9 ball pythons
  3 bats
  6 endoplasms
  3 giant cockroaches
  8 goblins
  6 hobgoblins
  5 jackals (D:1)
  4 quokkas
  A frilled lizard (D:3)
  10 kobolds
  22 rats
110 creatures vanquished.

Notes
Turn   | Place    | Note
-------+----------+-------------------------------------------
     0 | D:1      | Orlauf the Demonspawn Gladiator began the quest for the
                  | Orb.
     0 | D:1      | Reached XP level 1. HP: 16/16 MP: 1/1
   173 | D:1      | Reached skill level 3 in Long Blades
   213 | D:1      | Gained mutation: You regenerate magic rapidly. [demonic
                  | ancestry]
   213 | D:1      | Reached XP level 2. HP: 7/22 MP: 2/2
   484 | D:1      | Reached XP level 3. HP: 22/28 MP: 3/3
   578 | D:1      | Found Warexi's Vocational Training.
  1185 | D:2      | Noticed Natasha
  1191 | D:2      | Killed Natasha
  1192 | D:2      | Reached skill level 4 in Long Blades
  1192 | D:2      | Reached XP level 4. HP: 27/35 MP: 4/4
  1245 | D:2      | Noticed Terence
  1257 | D:2      | Killed Terence
  1341 | D:2      | Noticed Natasha
  1349 | D:2      | Killed Natasha
  1429 | D:2      | Noticed Natasha
  1438 | D:2      | Killed Natasha
  1439 | D:2      | Gained mutation: You are partially covered in yellow
                  | scales. (AC +2) [demonic ancestry]
  1439 | D:2      | Reached XP level 5. HP: 28/41 MP: 5/5
  1676 | D:2      | Found Meiwidab's Assorted Antiques.
  1753 | D:2      | Found a runed translucent door.
  1754 | D:2      | Noticed Crazy Yiuf
  1775 | D:2      | Identified the +7 dagger of Lust {freeze, MP-9 Str+2 Dex+3}
  2107 | D:2      | Killed Crazy Yiuf
  2108 | D:2      | Reached skill level 5 in Long Blades
  2360 | D:2      | Bought 3 scrolls labelled ADAESE IZOFOZA for 75 gold pieces
  2669 | D:3      | Found a faded altar of an unknown god.
  3048 | D:4      | Reached XP level 6. HP: 32/48 MP: 6/6
  3717 | D:4      | Found Bees's Book Emporium.
  3840 | D:4      | Reached skill level 6 in Long Blades
  3902 | D:5      | Entered Level 5 of the Dungeon
  3952 | D:5      | Reached XP level 7. HP: 48/55 MP: 7/7
  4101 | D:5      | Reached skill level 5 in Fighting
  4258 | D:5      | Splashed by a jelly's acid

Illustrated notes

Levels and vault maps discovered:
D:1:      dpeg_arrival_rhombus, layout_loops_cross, nicolae_shop_vocational
D:2:      layout_basic, serial_shops, shop, uniq_natasha,
          uniq_crazy_yiuf_cottage, uniq_terence
D:3:      layout_basic, hellmonk_ecumenical_altar_pennies_from_heaven,
          minmay_rat_hole
D:4:      layout_basic, serial_shops, shop
D:5:      layout_cave_pools

Skill      XL: |  1  2  3  4  5  6  7 |
---------------+----------------------+-----
Long Blades    | 3 4 5 6 |  6.8
Fighting       | 3 4 5 |  5.1
Throwing       | |  1.7
Dodging        | |  2.6

Action                     |  1- 3 |  4- 6 |  7- 9 || total
---------------------------+-------+-------+-------++-------
  Melee: Long sword        |   107 |   233 |    66 ||   406
         Dagger            |       |     4 |       ||     4
  Throw: Throwing net      |     3 |     2 |       ||     5
         Javelin           |       |     5 |       ||     5
    Use: Scroll            |       |     7 |       ||     7
         Potion            |       |       |     2 ||     2
   Stab: Sleeping          |     1 |       |       ||     1
         Held in net/web   |     2 |       |       ||     2
 Armour: Leather armour    |    70 |     7 |       ||    77
         Ring mail         |       |    84 |       ||    84
         Scale mail        |       |    56 |    79 ||   135
  Dodge: Dodged            |    84 |   128 |    38 ||   250

Table legend: (Time is in decaauts)
 A = Elapsed time spent in this place.
 B = Non-inter-level travel time spent in this place.
 C = Inter-level travel time spent in this place.
 D = Time resting spent in this place.
 E = Time spent auto-exploring this place.
 F = Levels seen in this place.
 G = Mean time per level.
                   A        B        C        D        E       F      G
               +--------+--------+--------+--------+--------+-----+--------+
         Total |   4321 |   4030 |    291 |    284 |   2821 |   5 |  864.2 |
       Dungeon |   4321 |   4030 |    291 |    284 |   2821 |   5 |  864.2 |
               +--------+--------+--------+--------+--------+-----+--------+

Top non-repeatable levels by time:
     D:2: 1256 daAuts
     D:1: 1042 daAuts
     D:4: 989 daAuts
     D:3: 671 daAuts
     D:5: 362 daAuts
